 Dungeon Crawl Stone Soup version 0.31.0-12-g77e489cdc1 (webtiles) character file.

Game seed: 6449904974865442157

141906 Computerfleisch the Tortoise (level 16, -10/127 HPs)
             Began as a Minotaur Fighter on Mar 5, 2024.
             Was a High Priest of Okawaru.
             Mangled by an acid blob (36 damage)
             ... on level 5 of the Pits of Slime on Mar 6, 2024.
             The game lasted 04:03:38 (34625 turns).

Computerfleisch the Tortoise (Minotaur Fighter)    Turns: 34625, Time: 04:03:38

Health: -10/127    AC:  5    Str: 26    XL:     16   Next: 79%
Magic:  9/15       EV: 23    Int:  5    God:    Okawaru [*****.]
Gold:   1430       SH:  0    Dex:  7    Spells: 15/15 levels left

rFire   + + +        b - melded +11 executioner's axe of Putrescence {freeze, rF+ rC++ Int+2 Stlth+}
rCold   + + +        (shield currently unavailable)
rNeg    + + +        Z - melded +9 plate armour "Sammubos" {rPois Will+}
rPois   ∞            (helmet currently unavailable)
rElec   +            K - melded +0 cloak "Zume Kiokh" {rF+ rCorr}
rCorr   +            (gloves currently unavailable)
SInv    .            h - melded +0 pair of boots
Will    +....        S - melded amulet of reflection
Stlth   +            x - melded ring of poison resistance
HPRegen 0.41/turn    n - melded ring of protection from cold
MPRegen 0.14/turn

%: random rage (3%)
@: wisp-form, resistant, corroded, flying, studying Translocations
A: insubstantial, flying, no casting, tiny, (horns 2), (retaliatory headbutt),
berserk 1, clumsy 2, deterioration 2, frail 2, screaming 2, weak 1, no potion
heal 1, devolution 1
a: Renounce Religion, Heroism, Finesse, Duel


You were on level 5 of the Pits of Slime.
You worshipped Okawaru.
Okawaru was extremely pleased with you.
You were an insubstantial wisp.
You visited 4 branches of the dungeon, and saw 27 of its levels.
You also visited: Sewer and Bailey.

You collected 1952 gold pieces.
You spent 522 gold pieces at shops.

Inventory:

Hand Weapons
 b - the +11 executioner's axe of Putrescence (melded) {freeze, rF+ rC++ Int+2 Stlth+}
   (Okawaru gifted it to you on level 4 of the Lair of Beasts)

   Int+2:     It affects your intelligence (+2).
   rF+:       It protects you from fire.
   rC++:      It greatly protects you from cold.
   Stlth+:    It makes you more stealthy.
 C - a +6 broad axe of freezing
Missiles
 k - 2 atropa-tipped darts
 o - 20 poisoned darts
 T - 17 boomerangs (quivered)
 U - 4 throwing nets
Armour
 h - a +0 pair of boots (melded)
 K - the +0 cloak "Zume Kiokh" (melded) {rF+ rCorr}
   (Okawaru gifted it to you on level 5 of the Lair of Beasts)

   rF+:       It protects you from fire.
   rCorr:     It protects you from acid and corrosion.
 Z - the +9 plate armour "Sammubos" (melded) {rPois Will+}
   (You found it on level 3 of the Lair of Beasts)

   rPois:     It protects you from poison Will+: It increases your willpower.
Jewellery
 n - a ring of protection from cold (melded)
 x - a ring of poison resistance (melded)
 S - an amulet of reflection (melded)
Wands
 r - a wand of polymorph (16)
 H - a wand of flame (57)
 M - a wand of digging (1)
 N - a wand of roots (31)
 P - a wand of paralysis (15)
 V - a wand of acid (2)
 X - a wand of mindburst (12)
Scrolls
 a - 2 scrolls of torment {unknown}
 g - a scroll of poison
 j - 5 scrolls of immolation
 l - 2 scrolls of enchant armour {unknown}
 m - 3 scrolls of identify
 q - a scroll of blinking
 t - 5 scrolls of noise
 u - a scroll of silence {unknown}
 y - a scroll of brand weapon
 A - a scroll of butterflies {unknown}
 E - 2 scrolls of enchant weapon {unknown}
 G - 2 scrolls of fear
 J - 7 scrolls of teleportation
 R - a scroll of fog {unknown}
 Y - 2 scrolls of revelation {unknown}
Potions
 c - 5 potions of attraction
 d - 5 potions of might
 e - 6 potions of haste
 i - 5 potions of mutation
 p - 2 potions of resistance
 v - a potion of berserk rage
 w - 2 potions of invisibility
 z - 8 potions of enlightenment
 B - 4 potions of heal wounds
 D - 2 potions of experience
 F - 2 potions of cancellation
 L - a potion of magic
 O - 3 potions of lignification
Miscellaneous
 W - a lightning rod (2/4)


   Skills:
 + Level 18.6 Fighting
 + Level 18.4 Axes
 - Level 7.0 Throwing
 + Level 18.6 Armour
 + Level 15.2 Dodging
 - Level 4.0 Shields


You had 15 spell levels left.
You didn't know any spells.
Your spell library contained the following spells:

 Spells                   Type           Power      Damage    Failure   Level
 Magic Dart               Conj           0%         1d3       47%         1
 Slow                     Hex            0%         N/A       47%         1
 Blink                    Tloc           0%         N/A       63%         2
 Ensorcelled Hibernation  Hex/Ice        0%         N/A       63%         2
 Lesser Beckoning         Tloc           0%         N/A       63%         2
 Momentum Strike          Conj/Tloc      0%         3d8       63%         2
 Static Discharge         Conj/Air       0%         3-3/arc   63%         2
 Confusing Touch          Hex            0%         N/A       85%         3
 Sigil of Binding         Hex            0%         N/A       85%         3
 Swiftness                Air            0%         N/A       85%         3
 Vampiric Draining        Necr           0%         2d6       85%         3
 Airstrike                Air            0%         2d(0-16)  99%         4
 Dimensional Bullseye     Hex/Tloc       0%         N/A       99%         4
 Olgreb's Toxic Radiance  Alch           0%         N/A       99%         4
 Borgnjor's Vile Clutch   Necr/Erth      0%         N/A       100%        5
 Silence                  Hex/Air        0%         N/A       100%        5
 Eringya's Noxious Bog    Alch           0%         4d6       100%        6
 Orb of Destruction       Conj           0%         9d5       100%        7
 Ozocubu's Refrigeration  Ice            0%         4d7       100%        7
 Borgnjor's Revivificati  Necr           0%         N/A       100%        8
 Discord                  Hex            0%         N/A       100%        8
 Death's Door             Necr           0%         N/A       100%        9
 Call Imp                 Summ           Unusable   N/A       N/A         2
 Call Canine Familiar     Summ           Unusable   N/A       N/A         3
 Summon Ice Beast         Ice/Summ       Unusable   N/A       N/A         3
 Animate Dead             Necr           Unusable   N/A       N/A         4
 Summon Blazeheart Golem  Fire/Summ      Unusable   N/A       N/A         4
 Summon Lightning Spire   Summ/Air       Unusable   N/A       N/A         4
 Summon Forest            Summ/Tloc      Unusable   N/A       N/A         5
 Death Channel            Necr           Unusable   N/A       N/A         6
 Summon Cactus Giant      Summ           Unusable   N/A       N/A         6
 Haunt                    Necr/Summ      Unusable   N/A       N/A         7
 Malign Gateway           Summ/Tloc      Unusable   N/A       N/A         7
 Spellforged Servitor     Conj/Summ      Unusable   N/A       N/A         7
 Summon Hydra             Summ           Unusable   N/A       N/A         7

Dungeon Overview and Level Annotations

Branches:
Dungeon (15/15)            Temple (0/1) D:7            Lair (5/5) D:9
 Shoals (0/4) Lair:3       Spider (0/4) Lair:3        Slime (5/5) Lair:5
    Orc (2/2) D:10            Elf (0/3) Orc:2        Vaults (0/5) D:14
 Depths (0/4) D:15          Sewer (visited)          Bailey (visited)

Altars:
Ashenzari
Elyvilon
Kikubaaqudgha
Makhleb
Okawaru
Sif Muna
Uskayaw
Vehumet
Xom
Jiyva

Shops:
D:2 (   D:8 *   D:10 (   D:15 :   Orc:2 [(?!

Portals:
Hell: Lair:5

Annotations:
D:10 1 runed translucent door, AceX2Z's ghost, journeyman GnIE
D:13 2 transporters, MasterdooM's ghost, journeyman MiBe
Lair:5 exclusion: oklob plant


Innate Abilities, Weirdness & Mutations

You are an insubstantial wisp.
Your tiny insubstantial body is highly resistant to most damage types.
You are flying.
Your equipment is entirely melded.
You are incapable of wielding weapons or throwing items.
You cannot cast spells.
((You have a pair of horns on your head.))
((You reflexively headbutt those who attack you in melee.))
You sometimes lose your temper in combat.
You are very clumsy. (Dex -4)
Your body often deteriorates upon taking damage.
You are very frail. (-20% HP)
You frequently scream uncontrollably at your foes.
You are weak. (Str -2)
Potions are less effective at restoring your health.
You have hidden genetic defects.


Message History

Strange energies course through your body.
You feel frail.
You touch the great orb of eyes!
You kill the great orb of eyes!
Okawaru accepts your kill.
You touch the shining eye!
The shining eye is lightly wounded.
You touch the shining eye!
The shining eye is moderately wounded.
You touch the shining eye.
The shining eye is moderately wounded.
An acid blob comes into view.
You completely miss the shining eye.
The shining eye is moderately wounded.
The acid blob quivers.
You touch the shining eye.
The shining eye is heavily wounded.
You touch the shining eye!
The shining eye is heavily wounded.
You touch the shining eye.
The shining eye is severely wounded.
You touch the shining eye.
The shining eye is severely wounded.
You touch the shining eye!
The shining eye is almost dead.
You touch the shining eye.
The shining eye is almost dead.
You touch the shining eye but do no damage.
The shining eye is almost dead.
The shining eye gazes at you.
Strange energies course through your body.
You feel weaker.
You touch the shining eye!
You kill the shining eye!
Okawaru accepts your kill.
You feel like a meek peon again.
You barely miss the acid blob.
Your misty tendrils slow down.
You barely miss the acid blob. The acid blob hits you!!!
You die...

#... #................
.##...# ###...............
.......###................#
........##...............##
........................##
.........................#
..........(.............##
.........................##
..........v...............#
..........J................
...........................
...........................
...........................
........................
#.......................
.#.....#................
............


You could see an acid blob.

Vanquished Creatures
  7 acid blobs
  4 azure jellies
  3 rockslimes
  2 orc warlords (Orc:2)
  An ironbound preserver (D:14)
  2 quicksilver oozes
  10 formless jellyfish
  Snorg (D:14)
  An ettin (Orc:2)
  Josephine (D:14)
  2 great orbs of eyes
  2 fire dragons (D:15)
  10 hydras
  3 centaur warriors
  4 boulder beetles
  3 catoblepae
  3 two-headed ogres
  3 death yaks (Lair:4)
  4 orc high priests (Orc:2)
  A sun demon (Lair:5)
  A skeletal warrior (D:15)
  2 skysharks
  2 arcanists
  6 shining eyes
  7 orc knights
  5 cyclopes
  11 ugly things
  2 deep elf pyromancers
  11 orc sorcerers
  3 manticores
  A meliai (D:15)
  8 kobold blastminers
  A merfolk siren (Lair:3)
  8 elephants
  6 black mambas
  A smoke demon (Lair:5)
  15 cane toads
  2 orange demons (Lair:5)
  3 efreet
  6 rime drakes
  2 torpor snails
  An unseen horror (D:12)
  11 komodo dragons
  A rime drake (shapeshifter) (D:12)
  A red devil (Lair:5)
  2 ice devils (Lair:5)
  2 merfolk
  A polar bear (shapeshifter) (D:14)
  A hornet (shapeshifter) (D:13)
  4 trolls
  Prince Ribbit (D:7)
  2 hornets
  15 dream sheep
  4 polar bears
  33 blink frogs
  A glass eye (Slime:5)
  A spriggan (shapeshifter) (D:14)
  65 slime creatures
  2 shadows
  6 wraiths
  9 basilisks
  28 yaks
  10 golden eyes
  6 wyverns
  4 wargs (Orc:2)
  Grum (Lair:1)
  2 steam dragons
  4 vampire mosquitoes (D:14)
  2 redbacks (Lair:3)
  Menkaure (D:4)
  17 water moccasins
  2 acid dragons
  5 hell hounds (Lair:5)
  44 orc warriors
  6 black bears
  6 ice beasts
  A laughing skull (D:14)
  2 sky beasts
  19 wolves
  A boggart (D:14)
  13 centaurs
  12 ogres
  A phantom (D:6)
  4 kobold brigands
  18 bullfrogs
  2 gnoll sergeants (D:9)
  4 scorpions
  14 wights
  20 killer bees
  4 howler monkeys (D:8)
  2 bombardier beetles (D:5)
  2 jellies (D:5)
  33 orc priests
  A sleepcap (D:5)
  4 iguanas
  16 orc wizards
  15 gnolls
  4 river rats (Sewer)
  15 adders
  4 ufetubi
  2 dart slugs
  5 ribbon worms
  112 orcs
  An orc (shapeshifter) (Lair:3)
  5 endoplasms
  3 giant cockroaches
  5 goblins
  7 hobgoblins
  14 jackals (D:1)
  13 kobolds
  3 quokkas
  21 ball pythons
  4 bats
  2 frilled lizards (D:1)
  20 rats
  A butterfly (Lair:3)
900 creatures vanquished.

Vanquished Creatures (collateral kills)
  A catoblepas (Lair:4)
  A yak (Lair:4)
  A wolf (Lair:2)
  A gnoll (D:9)
4 creatures vanquished.

Vanquished Creatures (others)
  A two-headed ogre (Orc:2)
  A cane toad (Lair:4)
  A water moccasin (Lair:1)
  A wolf (Lair:2)
4 creatures vanquished.

Grand Total: 908 creatures vanquished

Notes
Turn   | Place    | Note
-------+----------+-------------------------------------------
     0 | D:1      | Computerfleisch the Minotaur Fighter began the quest for
                  | the Orb.
     0 | D:1      | Reached XP level 1. HP: 19/19 MP: 0/0
    84 | D:1      | Reached XP level 2. HP: 27/27 MP: 1/1
   333 | D:1      | Reached XP level 3. HP: 33/33 MP: 2/2
   651 | D:1      | Found a faded altar of an unknown god.
   651 | D:1      | Noticed an orange demon
  1091 | D:2      | Got the Codex of Accomplices
  1164 | D:2      | Found Daih's Antique Weapon Boutique.
  1217 | D:2      | Reached XP level 4. HP: 35/40 MP: 3/3
  1480 | D:2      | Reached skill level 1 in Throwing
  2044 | D:3      | Found a shimmering blue altar of Sif Muna.
  2313 | D:4      | Noticed a bullfrog
  2316 | D:4      | Killed a bullfrog
  2317 | D:4      | Reached XP level 5. HP: 47/47 MP: 4/4
  2356 | D:4      | Reached skill level 5 in Armour
  2361 | D:4      | Noticed a centaur
  2372 | D:4      | Killed a centaur
  2373 | D:4      | Reached skill level 5 in Fighting
  2373 | D:4      | Reached XP level 6. HP: 48/56 MP: 5/5
  2451 | D:4      | Noticed Menkaure
  2457 | D:4      | Killed Menkaure
  2953 | D:4      | Reached skill level 5 in Axes
  2953 | D:4      | Reached XP level 7. HP: 47/62 MP: 6/6
  3111 | D:4      | Found an iron altar of Okawaru.
  3115 | D:4      | Became a worshipper of Warmaster Okawaru
  3129 | D:4      | Found a radiant altar of Vehumet.
  3222 | D:5      | Entered Level 5 of the Dungeon
  3734 | D:5      | Found a glowing drain.
  3738 | Sewer    | Entered a sewer
  4024 | Sewer    | Reached XP level 8. HP: 69/71 MP: 7/7
  4204 | D:5      | Identified the ring "Faci" {Ice SInv}
  4286 | D:5      | Found a hide-covered altar of Uskayaw.
  4347 | D:5      | Reached * piety under Okawaru
  4433 | D:5      | HP: 1/73 [acid dragon/splash of acid (14)]
  4434 | D:5      | Reached skill level 5 in Throwing
  4733 | D:5      | Reached ** piety under Okawaru
  4735 | D:5      | Reached XP level 9. HP: 47/81 MP: 8/8
  5907 | D:6      | Found a shimmering altar of Xom.
  6216 | D:7      | Reached *** piety under Okawaru
  6286 | D:7      | Found a staircase to the Ecumenical Temple.
  6286 | D:7      | Noticed Prince Ribbit
  6295 | D:7      | Killed Prince Ribbit
  6491 | D:7      | Found a white marble altar of Elyvilon.
  6619 | D:7      | Reached XP level 10. HP: 75/89 MP: 9/9
  6742 | D:7      | Reached skill level 1 in Dodging
  6958 | D:7      | Reached **** piety under Okawaru
  7166 | D:8      | Reached skill level 10 in Fighting
  7166 | D:8      | Reached skill level 10 in Armour
  7411 | D:8      | Found Veyvirgh's Assorted Antiques.
  7431 | D:8      | Bought a scroll of identify for 72 gold pieces
  7431 | D:8      | Bought a scroll of identify for 72 gold pieces
  7856 | D:9      | Reached skill level 10 in Axes
  8146 | D:9      | Found a flagged portal.
  8155 | Bailey   | Entered a bailey
  8374 | Bailey   | Noticed an orc knight
  8394 | Bailey   | Killed an orc knight
  8496 | Bailey   | Identified the +5 tower shield of Muttered Phrases {Str+2}
  8643 | D:9      | Noticed Erica
  8648 | D:9      | Erica changed into Erica the golden eye
  8648 | D:9      | Noticed Erica
  8650 | D:9      | Killed Erica the golden eye
  8738 | D:9      | Noticed a two-headed ogre
  8759 | D:9      | Killed a two-headed ogre
  8760 | D:9      | Reached XP level 11. HP: 99/101 MP: 10/10
  8805 | D:9      | Found a staircase to the Lair.
  8832 | D:9      | Reached skill level 5 in Dodging
  9126 | D:9      | Found an ancient bone altar of Kikubaaqudgha.
  9953 | D:10     | Entered Level 10 of the Dungeon
  9953 | D:10     | Found a runed translucent door.
  9954 | D:10     | Noticed AceX2Z's ghost (journeyman GnIE)
  9954 | D:10     | Noticed a spriggan rider
  9954 | D:10     | Identified the +5 trident "Conservator" {venom, Str+5}
 10401 | D:10     | Found a staircase to the Orcish Mines.
 10498 | D:10     | Noticed a two-headed ogre
 10505 | D:10     | Killed a two-headed ogre
 10875 | D:10     | Found Zipt's Weapon Boutique.
 10876 | D:10     | Noticed a +0 rapier
 10877 | D:10     | Noticed a +0 giant spiked club
 11054 | D:10     | Reached ***** piety under Okawaru
 11949 | Lair:1   | Entered Level 1 of the Lair of Beasts
 12209 | Lair:1   | Noticed a catoblepas
 12318 | Lair:1   | Received a gift from Okawaru
 12557 | Lair:1   | Reached XP level 12. HP: 85/112 MP: 11/11
 12847 | Lair:1   | Noticed Grum
 12860 | Lair:1   | Killed Grum
 13748 | Lair:2   | Killed a catoblepas
 13851 | Lair:2   | Found a broken altar of Ashenzari.
 14020 | Lair:2   | Received a gift from Okawaru
 15030 | Lair:3   | Received a gift from Okawaru
 15158 | Lair:3   | Noticed a four-headed hydra
 15162 | Lair:3   | Killed a seven-headed hydra
 15310 | Lair:3   | Found a staircase to the Shoals.
 15319 | Lair:3   | Reached XP level 13. HP: 107/123 MP: 12/12
 15665 | Lair:3   | Identified the +9 plate armour "Sammubos" {rPois Will+}
 15855 | Lair:3   | Found a hole to the Spider Nest.
 16228 | Lair:4   | Reached ****** piety under Okawaru
 16230 | Lair:4   | Acquired the +11 executioner's axe of Putrescence {freeze,
                  | rF+ rC++ Int+2 Stlth+}
 16230 | Lair:4   | Received a gift from Okawaru
 16380 | Lair:4   | Received a gift from Okawaru
 16589 | Lair:4   | Reached skill level 10 in Dodging
 18171 | Lair:5   | Entered Level 5 of the Lair of Beasts
 18171 | Lair:5   | Found a viscous altar of Jiyva.
 18171 | Lair:5   | Found a staircase to the Slime Pits.
 18332 | Lair:5   | Received a gift from Okawaru
 18688 | Lair:5   | Reached skill level 15 in Armour
 18703 | Lair:5   | Reached skill level 15 in Fighting
 18957 | Lair:5   | Received a gift from Okawaru
 18958 | Lair:5   | Acquired the +0 cloak "Zume Kiokh" {rF+ rCorr}
 18958 | Lair:5   | Received a gift from Okawaru
 19103 | Lair:5   | Reached XP level 14. HP: 106/135 MP: 13/13
 19317 | Lair:5   | Reached skill level 15 in Axes
 20123 | Lair:5   | Found a burning altar of Makhleb.
 20156 | Lair:5   | Received a gift from Okawaru
 20318 | Lair:5   | Found a gateway to Hell.
 20349 | Lair:5   | Got the Vellum of Gaseous Cold
 21106 | D:12     | You fall into a shaft and drop 1 floor!
 21731 | D:13     | Found a transporter.
 21967 | D:13     | Received a gift from Okawaru
 22066 | D:13     | Found a transporter.
 22091 | D:13     | Noticed MasterdooM's ghost (journeyman MiBe)
 22735 | D:14     | Found a gate to the Vaults.
 22735 | D:14     | Noticed an ironbound preserver
 22746 | D:14     | Killed an ironbound preserver
 22954 | D:14     | Identified the +10 scimitar "Obuid" {elec, Str-2 Int+6}
 22995 | D:14     | Noticed Snorg
 23000 | D:14     | Killed Snorg
 23131 | D:14     | Received a gift from Okawaru
 23313 | D:14     | Reached XP level 15. HP: 127/145 MP: 14/14
 23570 | D:14     | Noticed Josephine
 23591 | D:14     | Killed Josephine
 24319 | D:15     | Entered Level 15 of the Dungeon
 24656 | D:15     | Received a gift from Okawaru
 25029 | D:15     | Found Cujor's Book Shoppe.
 25274 | D:15     | Found a staircase to the Depths.
 26733 | Orc:1    | Entered Level 1 of the Orcish Mines
 26896 | Orc:2    | Entered Level 2 of the Orcish Mines
 27446 | Orc:2    | Found Oplyufar's Distillery.
 27456 | Orc:2    | Bought a potion of heal wounds for 65 gold pieces
 27456 | Orc:2    | Bought a potion of curing for 39 gold pieces
 27469 | Orc:2    | Found Taest's Magic Scroll Boutique.
 27481 | Orc:2    | Bought a scroll of identify for 34 gold pieces
 27481 | Orc:2    | Bought a scroll of fear for 68 gold pieces
 27481 | Orc:2    | Bought a scroll of identify for 34 gold pieces
 27481 | Orc:2    | Bought a scroll of identify for 34 gold pieces
 27774 | Orc:2    | Received a gift from Okawaru
 28556 | Orc:2    | Found Citenel's Armour Shop.
 28798 | Orc:2    | Found Soufelo's Weapon Boutique.
 28947 | Orc:2    | Paralysed by an orc sorcerer for 3 turns
 29090 | Orc:2    | Found a staircase to the Elven Halls.
 29632 | Orc:2    | Bought a potion of invisibility for 104 gold pieces
 31384 | Slime:1  | Entered Level 1 of the Pits of Slime
 31392 | Slime:1  | Paralysed by a formless jellyfish for 1 turns
 31396 | Slime:1  | Paralysed by a formless jellyfish for 1 turns
 31396 | Slime:1  | Gained mutation: You occasionally shout uncontrollably at
                  | your foes. [a shining eye]
 31399 | Slime:1  | Received a gift from Okawaru
 31690 | Slime:1  | Gained mutation: You frequently scream uncontrollably at
                  | your foes. [a shining eye]
 31692 | Slime:1  | Gained mutation: Potions are less effective at restoring
                  | your health. [a shining eye]
 31694 | Slime:1  | Reached XP level 16. HP: 156/157 MP: 15/15
 31829 | Slime:1  | Gained mutation: You are clumsy. (Dex -2) [a shining eye]
 31830 | Slime:1  | Noticed an acid blob
 31845 | Slime:1  | Killed an acid blob
 32676 | Slime:2  | Noticed an acid blob
 32678 | Slime:2  | Noticed an acid blob
 32692 | Slime:1  | Killed an acid blob
 32694 | Slime:1  | Killed an acid blob
 32863 | Slime:2  | Received a gift from Okawaru
 33298 | Slime:3  | Paralysed by a formless jellyfish for 1 turns
 33622 | Slime:4  | Noticed an acid blob
 33635 | Slime:3  | Killed an acid blob
 33880 | Slime:4  | Reached skill level 15 in Dodging
 34338 | Slime:5  | Entered Level 5 of the Pits of Slime
 34542 | Slime:5  | Gained mutation: Your body sometimes deteriorates upon
                  | taking damage. [a shining eye]
 34543 | Slime:5  | Noticed an acid blob
 34547 | Slime:5  | Noticed an acid blob
 34548 | Slime:5  | Gained mutation: You are very clumsy. (Dex -4) [a shining
                  | eye]
 34552 | Slime:5  | Gained mutation: You are frail. (-10% HP) [a shining eye]
 34558 | Slime:5  | Killed an acid blob
 34558 | Slime:5  | Gained mutation: You have hidden genetic defects. [a
                  | shining eye]
 34563 | Slime:5  | Killed an acid blob
 34563 | Slime:5  | Gained mutation: Your body often deteriorates upon taking
                  | damage. [a shining eye]
 34582 | Slime:5  | Noticed an acid blob
 34593 | Slime:5  | Killed an acid blob
 34593 | Slime:5  | Received a gift from Okawaru
 34599 | Slime:5  | Gained mutation: You sometimes lose your temper in combat.
                  | [a shining eye]
 34608 | Slime:5  | Gained mutation: You are very frail. (-20% HP) [a shining
                  | eye]
 34613 | Slime:5  | Noticed an acid blob
 34621 | Slime:5  | Gained mutation: You are weak. (Str -2) [a shining eye]
 34625 | Slime:5  | Mangled by an acid blob

Illustrated notes

Levels and vault maps discovered:
D:1:      sevenhm_arrival_forest_fort_large_2, layout_loops_cross,
          dreamdust_ecumenical_altar_sealed_demon, serial_forest,
          infiniplex_forest_lined_2, infiniplex_forest_clump_tiny,
          infiniplex_forest_clump_medium, infiniplex_forest_clump_double,
          infiniplex_forest_lined_room_, infiniplex_forest_diagonal
D:2:      layout_basic, serial_shops, nicolae_shop_scrapyard,
          reono_crystal_passage
D:3:      layout_basic, led_sif_pool, minmay_misc_feat_rows
D:4:      layout_loops_ring, mainiacjoe_overflow_swirl, minmay_manual_maat,
          uniq_menkaure
D:5:      kennysheep_windowed_halls, layout_loops_cross, general_overflow_altar,
          mainiacjoe_sewer_entry_somewhere_in_here_2, kennysheep_nondescript,
          kennysheep_generic_room_13
D:6:      layout_gridville, mainiacjoe_overflow_brackets
D:7:      layout_rooms, nicolae_elyvilon_temple_path,
          minmay_temple_entry_statues_fountains, uniq_prince_ribbit1
D:8:      layout_cave_pools, serial_shops, shop
D:9:      layout_gridville, hellmonk_lair_entry_icy, enter_bailey_2,
          roadster_trireme, uniq_erica
D:10:     layout_stronghold, erik_orc_4, serial_shops, nicolae_shop_mannequins,
          ebering_ghost_funeral_grove
D:11:     layout_basic, serial_curves, eino_curves_04, eino_curves_02
D:12:     layout_roguey
D:13:     layout_roguey, gammafunk_ghost_stat_death
D:14:     layout_loops_corners, skrybe_vaults_entry_preservation,
          hangedman_abyss_or_decor_stagger, uniq_snorg, uniq_josephine
D:15:     grunt_enter_depths_hoard, layout_rooms, serial_shops,
          nicolae_shop_tiny_real_fake_doors, serial_bayou_shore_b,
          kennysheep_inner_square
Lair:1:   layout_cave_pods, grunt_megastairs_2, uniq_grum
Lair:2:   layout_cave_pods, basic_altar
Lair:3:   layout_regular_city, elwin_shoals_entry_rooms,
          spider_nest_entry_funnel_web, minivault_24,
          kennysheep_catoblepas_arena, lemuel_fruit_fields
Lair:4:   layout_loops_ring, serial_bayou_shore_b, lemuel_fruit_tree,
          serial_bayou_shore_b, grunt_megastairs_4, serial_bayou_shore_b
Lair:5:   evil_forest, layout_hall_layers, slime_entry_1, st_stairs_9,
          serial_bayou_shore_a
Slime:1:  layout_caves
Slime:2:  layout_caves, uniq_dissolution
Slime:3:  layout_caves, nicolae_slime_welcoming_committee
Slime:4:  layout_caves
Slime:5:  slime_pit_nicolae_amoeboid
Orc:1:    layout_diamond_mine
Orc:2:    pubby_orc_utopia

Skill      XL: |  1  2  3  4  5  6  7  8  9 10 11 12 13 14 15 16 |
---------------+-------------------------------------------------+-----
Shields        | 4 |  4.0
Fighting       | 4 5 6 7 9 10 12 13 15 16 17 18 | 18.6
Armour         | 4 5 6 7 9 10 12 13 15 16 17 18 | 18.6
Axes           | 3 4 5 6 7 9 10 12 13 14 16 17 18 | 18.4
Throwing       | 1 2 3 4 5 6 7 |  7.0
Dodging        | 4 7 9 11 12 14 15 | 15.2

Action                     |  1- 3 |  4- 6 |  7- 9 | 10-12 | 13-15 | 16-18 || total
---------------------------+-------+-------+-------+-------+-------+-------++-------
  Melee: War axe           |    84 |    38 |       |   517 |    52 |       ||   691
         Headbutt          |     7 |     9 |    47 |   106 |   137 |    30 ||   336
         Flail             |       |    16 |   304 |       |       |       ||   320
         Executioner's axe |       |       |       |       |   602 |   129 ||   731
         Unarmed           |       |       |       |       |       |    21 ||    21
  Throw: Javelin           |       |     7 |    18 |     2 |       |       ||    27
         Boomerang         |       |       |    36 |   140 |   177 |    81 ||   434
         Dart              |       |       |       |   113 |   121 |       ||   234
 Invoke: Heroism           |       |       |     1 |     7 |    19 |     5 ||    32
         Finesse           |       |       |       |     2 |       |     2 ||     4
         Receive Weapon    |       |       |       |       |     1 |       ||     1
         Receive Armour    |       |       |       |       |     1 |       ||     1
  Evoke: Wand              |       |       |       |     1 |    21 |     6 ||    28
         Lightning rod     |       |       |       |       |       |     2 ||     2
    Use: Scroll            |     1 |     4 |     3 |     9 |     7 |     1 ||    25
         Potion            |       |       |     6 |       |    15 |     3 ||    24
   Stab: Confused          |       |       |       |     3 |       |       ||     3
         Petrifying        |       |       |       |     2 |     2 |       ||     4
         Paralysed         |       |       |       |       |     1 |       ||     1
         Petrified         |       |       |       |       |     2 |       ||     2
 Armour: Scale mail        |    76 |    50 |   139 |       |       |       ||   265
         Plate armour      |       |       |   156 |   348 |   796 |   202 ||  1502
         Skin              |       |       |       |       |       |     1 ||     1
  Dodge: Dodged            |    47 |    41 |   189 |   168 |   425 |    80 ||   950
  Block: Buckler           |    21 |    13 |    70 |    43 |       |       ||   147
         Tower shield      |       |       |       |   557 |    88 |       ||   645
         Reflection        |       |       |       |    15 |    21 |     2 ||    38
         Other             |       |       |       |       |   150 |    34 ||   184
